 Dungeon Crawl Stone Soup version 0.17-a0-530-gbe3d13a (webtiles) character file.

2520 inmateoo the Geomancer (level 9, -1/65 HPs)
             Began as a Formicid Earth Elementalist on Apr 12, 2015.
             Was a Follower of Cheibriados.
             Slain by an orc warrior
             ... wielding a +0 short sword
              (2 damage)
             ... on level 8 of the Dungeon.
             The game lasted 00:14:43 (7415 turns).

inmateoo the Geomancer (FoEE)                       Turns: 7415, Time: 00:14:43

Health: -1/65      AC:  3    Str: 22    XL:     9   Next: 83%
Magic:  0/26       EV: 14    Int: 20    God:    Cheibriados [*.....]
Gold:   432        SH:  0    Dex: 14    Spells: 5 memorised, 4 levels left

rFire  . . .     SeeInvis +     (no weapon)
rCold  . . .     Clarity  .     c - +1 robe (curse)
rNeg   . . .     SustAb   .     (no shield)
rPois  .         Gourm    .     (helmet unavailable)
rElec  .         Spirit   .     (no cloak)
rCorr  .         Warding  .     (no gloves)
rMut   .         Stasis   +     (no boots)
MR     .....                    (no amulet)
Stlth  +++.......               (no ring)
                                k - ring of magical power

@: mighty, very slightly contaminated, drained, very slow, not resistant to
hostile enchantments, fairly stealthy
A: permanent stasis, dig shafts and tunnels, four strong arms, antennae 3,
hooves 1
a: Dig, Shaft Self, Bend Time, Renounce Religion


You were on level 8 of the Dungeon.
You worshipped Cheibriados.
Cheibriados was aware of your devotion.
You were very hungry.

You visited 1 branch of the dungeon, and saw 8 of its levels.

You collected 432 gold pieces.

Inventory:

Hand weapons
 e - a +3 short sword of electrocution
Missiles
 b - 161 stones (quivered)
Armour
 c - a cursed +1 robe (worn)
 u - a +0 buckler
Jewellery
 k - a ring of magical power (left hand)
Magical devices
 q - a wand of digging (12)
 t - a wand of confusion (15)
 z - a wand of fire (8)
 D - a wand of confusion (24)
Scrolls
 g - 2 scrolls of magic mapping
 i - 2 scrolls of fear
 y - a scroll of remove curse
 A - a scroll of recharging
 C - a scroll of enchant armour
 F - a scroll of amnesia
Potions
 h - a potion of magic
 n - a potion of brilliance
 s - a potion of restore abilities
 v - a potion of cancellation
Books
 d - a book of Geomancy

   Spells                             Type                      Level
   a - Sandblast                      Earth                        1
   b - Stoneskin                      Transmutation/Earth          2
   c - Passwall                       Transmutation/Earth          3
   d - Stone Arrow                    Conjuration/Earth            3
   e - Petrify                        Transmutation/Earth          4
   f - Lee's Rapid Deconstruction     Earth                        5
 j - a book of Death

   Spells                             Type                      Level
   a - Corpse Rot                     Necromancy                   2
   b - Sublimation of Blood           Necromancy                   2
   c - Agony                          Necromancy                   5
   d - Dispel Undead                  Necromancy                   5
   e - Excruciating Wounds            Charms/Necromancy            5
   f - Bolt of Draining               Conjuration/Necromancy       5
 o - a book of the Earth

   Spells                             Type                      Level
   a - Leda's Liquefaction            Hexes/Earth                  4
   b - Bolt of Magma                  Conjuration/Fire/Earth       5
   c - Statue Form                    Transmutation/Earth          6
   d - Iron Shot                      Conjuration/Earth            6
   e - Shatter                        Earth                        9
Comestibles
 a - 9 bread rations
 f - 4 fruits
 p - a slice of pizza
 r - a beef jerky
 B - 2 meat rations


   Skills:
 + Level 3.8(3.0) Fighting
 + Level 4.9(4.0) Dodging
 + Level 7.3(6.4) Stealth
 * Level 1.5(0.7) Unarmed Combat
 + Level 5.5(4.7) Spellcasting
 - Level 1.1(0.3) Transmutations
 * Level 10.0(9.0) Earth Magic


You had 4 spell levels left.
You knew the following spells:

 Your Spells              Type           Power        Failure   Level  Hunger
a - Sandblast             Erth           #####.       1%          1    None
b - Stoneskin             Trmt/Erth      ###.....     2%          2    #......
c - Stone Arrow           Conj/Erth      ###...       8%          3    ##.....
d - Petrify               Trmt/Erth      ###.....     21%         4    ####...
e - Lee's Rapid Deconstr  Erth           #####.....   10%         5    ######.


Dungeon Overview and Level Annotations

Branches:
Dungeon (8/15)             Temple (0/1) D:7
   Lair: D:8-11

Altars:
Cheibriados
Nemelex Xobeh

Shops:
D:4 =   D:6 (


Innate Abilities, Weirdness & Mutations

You are under a permanent stasis effect.
You can dig through walls and to a lower floor.
Your four strong arms can wield two-handed weapons with a shield.
You have a pair of large antennae on your head (SInv).
You have large cloven feet.


Message History

Aim: an orc warrior, wielding a short sword and wearing a plate armour (heavily wounded)
The rocky blast hits the orc warrior.
The orc warrior is heavily wounded.
The orc warrior hits you with a short sword!
* * * LOW HITPOINT WARNING * * *
Casting: Sandblast
Confirm with . or Enter, or press ? or * to list all spells.
Aiming: Sandblast
Press: ? - help, Shift-Dir - straight line, f/p - orc warrior
Aim: an orc warrior, wielding a short sword and wearing a plate armour (heavily wounded)
The rocky blast hits the orc warrior.
The orc warrior is severely wounded.
The orc warrior completely misses you.
Wield which item (- for none, * to show all)? (? for menu, Esc to quit)
You are now empty-handed.
The orc warrior drinks a potion.
The orc warrior is healed!
You punch the orc warrior!
The orc warrior is severely wounded.
The orc warrior hits you with a short sword.
You die...

#...o.# .## ##...#..#
#. #...#..)##..## #...
#.......o# ..####.....
##..##...###..........
#. ###..#.)......... #
##.............#
#..o>........#
#...@).......#
#.####.......#
#.###.†......# ..
##............# ##
H... #............##
.##......
#...........##
.........
............####
.######..
.....###...##.# ##
#.... ##...#.##


You could see an orc warrior and an orc.

Vanquished Creatures
  Prince Ribbit (D:6)
  A hungry ghost (D:8)
  Eustachio (D:5)
  Menkaure (D:5)
  An ice beast (D:8)
  Duvessa (D:5)
  An ogre (D:6)
  A sky beast (D:6)
  3 centaurs
  2 giant frogs
  Dowan (D:5)
  A scorpion (D:5)
  4 killer bees (D:8)
  4 wights (D:8)
  2 crimson imps
  2 goliath beetles (D:6)
  5 orc wizards
  An orc priest (D:8)
  Ijyb (D:3)
  2 hounds
  Terence (D:3)
  An iguana (D:8)
  A worker ant (D:7)
  A hound skeleton (D:8)
  2 worker ant zombies (D:6)
  5 adders
  A shadow imp (D:6)
  A worm (D:2)
  An adder skeleton (D:4)
  2 giant geckos
  An ooze (D:3)
  12 orcs
  3 bat skeletons
  11 goblins
  13 hobgoblins
  11 jackals
  2 quokkas
  3 ball pythons
  18 bats
  5 giant cockroaches
  9 giant newts
  15 kobolds
  A quokka zombie (D:5)
  13 rats
  6 ballistomycetes (D:6)
175 creatures vanquished.

Vanquished Creatures (others)
  An orc (D:6)
  A bat skeleton (D:6)
  2 giant spores (D:6)
4 creatures vanquished.

Grand Total: 179 creatures vanquished

Notes
Turn   | Place    | Note
--------------------------------------------------------------
     0 | D:1      | inmateoo, the Formicid Earth Elementalist, began the quest for the Orb.
     0 | D:1      | Reached XP level 1. HP: 13/13 MP: 3/3
    40 | D:1      | You fall through a shaft!
   226 | D:1      | Reached XP level 2. HP: 19/19 MP: 5/5
   242 | D:1      | Reached skill level 4 in Earth Magic
   463 | D:1      | Reached XP level 3. HP: 15/24 MP: 6/6
  1370 | D:2      | Learned a level 2 spell: Stoneskin
  1374 | D:2      | Learned a level 3 spell: Stone Arrow
  1719 | D:3      | Reached XP level 4. HP: 30/30 MP: 4/7
  1781 | D:3      | Noticed Ijyb
  1802 | D:3      | Killed Ijyb
  1987 | D:3      | Noticed Terence
  2000 | D:3      | Killed Terence
  2000 | D:3      | Reached skill level 5 in Earth Magic
  2000 | D:3      | Reached XP level 5. HP: 17/35 MP: 8/8
  2235 | D:3      | Found a sparkling altar of Nemelex Xobeh.
  3149 | D:4      | Found Xosop's Jewellery Shop.
  3581 | D:4      | Reached XP level 6. HP: 41/41 MP: 6/10
  4089 | D:5      | Entered Level 5 of the Dungeon
  4094 | D:5      | Noticed Eustachio
  4114 | D:5      | Learned a level 4 spell: Petrify
  4125 | D:5      | Killed Eustachio
  4125 | D:5      | Reached skill level 6 in Earth Magic
  4125 | D:5      | Reached XP level 7. HP: 46/46 MP: 7/12
  4152 | D:5      | Reached skill level 5 in Stealth
  4269 | D:5      | Noticed Menkaure
  4276 | D:5      | Killed Menkaure
  4276 | D:5      | Reached skill level 7 in Earth Magic
  4413 | D:5      | Reached XP level 8. HP: 20/52 MP: 1/14
  4840 | D:5      | Noticed Duvessa
  4849 | D:5      | Killed Duvessa
  4850 | D:5      | Noticed Dowan
  4853 | D:5      | Killed Dowan
  5149 | D:6      | Found Konnal's Antique Weapon Boutique.
  5169 | D:6      | Reached skill level 8 in Earth Magic
  5272 | D:6      | Reached skill level 1 in Fighting
  5358 | D:6      | Noticed Prince Ribbit
  5474 | D:6      | Learned a level 5 spell: Lee's Rapid Deconstruction
  5642 | D:6      | Killed Prince Ribbit
  5642 | D:6      | Reached XP level 9. HP: 46/61 MP: 16/16
  5932 | D:6      | Reached skill level 9 in Earth Magic
  6268 | D:6      | Found a snail-covered altar of Cheibriados.
  6274 | D:6      | Became a worshipper of Cheibriados the Contemplative
  6519 | D:7      | Reached skill level 5 in Spellcasting
  6563 | D:7      | Found a staircase to the Ecumenical Temple.
  6831 | D:7      | You fall through a shaft!
  6989 | D:8      | Acquired Cheibriados's first power
  7229 | D:8      | Gained mutation: You have large cloven feet. [potion of beneficial mutation]
  7351 | D:8      | Reached skill level 1 in Unarmed Combat
  7387 | D:8      | HP: 2/65 [wight/enchanted scimitar (5)]
  7395 | D:8      | Reached skill level 10 in Earth Magic
  7406 | D:8      | HP: 2/65 [orc warrior/short sword (6)]
  7412 | D:8      | HP: 1/65 [orc warrior/short sword (11)]
  7415 | D:8      | Slain by an orc warrior

Action                   |  1- 3 |  4- 6 |  7- 9 || total
-------------------------+-------+-------+-------++-------
Melee: Unarmed           |     4 |       |     1 ||     5
       Short sword       |    81 |    70 |    23 ||   174
 Cast: Sandblast         |    19 |    63 |   171 ||   253
       Stone Arrow       |       |       |    11 ||    11
       Petrify           |       |       |     2 ||     2
       Lee's Rapid Decon |       |       |     1 ||     1
 Abil: Shaft Self        |     1 |       |       ||     1
       Dig               |     1 |     8 |       ||     9
  Use: Scroll            |       |    14 |    13 ||    27
       Potion            |       |     1 |     7 ||     8
 Stab: Sleeping          |     2 |     4 |       ||     6
  Eat: Chunk             |     3 |     6 |    10 ||    19
       Pizza             |       |     1 |       ||     1
       Royal jelly       |       |       |     1 ||     1
